AoeStats
← ChingChing

Arabia

509596009Analyzed
1v1 RM · 6d ago on Sep 27, 2026· 32m 20s· 2 players
Game mode
Random Map
Map size
Tiny (2 player)
Population
200
Speed
Normal
Resources
Standard
Victory
Conquest
Starting age
Dark Age
Ending age
Imperial Age
RankedLock teamsTeams togetherTeam positionsShared explorationLock speedFull tech treeHidden civsTurbo modeCheats
Victory
Defeat
🇫🇷 Franks · France
967
+15
🇭🇰 Tatars · Hong Kong SAR China
945
-15
ChingChing
1:52 Loom
11:09 Feudal Age
15:28 Castle Age
15:40 Fletching
18:10 Bodkin Arrow
29:10 Padded Archer Armor
KiKiBigoudI
6:43 Loom
9:57 Feudal Age
10:37 Double-Bit Axe
15:12 Scale Mail Armor
15:20 Scale Barding Armor
17:14 Fletching
18:03 Padded Archer Armor
23:31 Castle Age
28:37 Husbandry
Connection lost

Rejoining the realm…

Still unreachable

The connection could not be restored.

Session expired

The server has moved on; the page needs a fresh start.